 Dungeon Crawl Stone Soup version 0.29-a0-824-gd827844252 (webtiles) character file.

Game seed: 7824460986200442123

5211 kevlar127 the Grappler (level 10, -1/156 HPs)
             Began as a Troll Berserker on July 9, 2022.
             Was an Elder of Trog.
             Slain by a two-headed ogre
             ... wielding a +0 giant spiked club
              (18 damage)
             ... on level 9 of the Dungeon.
             The game lasted 00:23:24 (6625 turns).

kevlar127 the Grappler (Troll Berserker)            Turns: 6625, Time: 00:23:25

Health: -1/156     AC: 12    Str: 31    XL:     10   Next: 35%
Magic:  0/9        EV: 10    Int:  3    God:    Trog [****..]
Gold:   283        SH:  0    Dex: 15    Spells: 9/9 levels left

rFire   . . .      SeeInvis .     - Unarmed
rCold   . . .      Faith    .   (no shield)
rNeg    . . .      Spirit   +   J - +0 acid dragon scales
rPois   .          Reflect  .   (helmet restricted)
rElec   .          Harm     .   (no cloak)
rCorr   +          Rampage  .   (gloves unavailable)
Will    ++...                   (boots unavailable)
Stlth   ..........              u - amulet of guardian spirit
HPRegen 2.16/turn               m - +6 ring of dexterity
MPRegen 0.11/turn               B - +4 ring of protection

@: berserking, strong-willed, regenerating, very quick
A: large, unfitting armour, claws 3, regeneration 1, shaggy fur 1, tough skin 1
a: Renounce Religion, Berserk, Trog's Hand, Brothers in Arms


You were on level 9 of the Dungeon.
You worshipped Trog.
Trog was greatly pleased with you.
You visited 1 branch of the dungeon, and saw 9 of its levels.

You collected 444 gold pieces.
You spent 161 gold pieces at shops.

Inventory:

Missiles
 a - 5 boomerangs
 g - 42 stones
 x - 8 poisoned darts (quivered)
 D - 4 large rocks
Armour
 F - +0 steam dragon scales
 J - +0 acid dragon scales (worn)
Jewellery
 m - a +6 ring of dexterity (left claw)
 o - a ring of ice
 u - an amulet of guardian spirit (around neck)
 B - a +4 ring of protection (right claw)
 C - an amulet of the acrobat
 K - a ring of positive energy
Wands
 z - a wand of charming (11)
 G - a wand of iceblast (4)
Scrolls
 e - 3 scrolls of poison
 f - 2 scrolls of fear {unknown}
 h - 2 scrolls of brand weapon {unknown}
 k - 9 scrolls of teleportation
 l - 2 scrolls of vulnerability
 p - 2 scrolls of noise {unknown}
 q - a scroll of magic mapping {unknown}
 r - 2 scrolls of amnesia {unknown}
 y - a scroll of enchant weapon {unknown}
 E - 2 scrolls of blinking
Potions
 b - 4 potions of curing
 c - 6 potions of heal wounds
 d - a potion of attraction {unknown}
 i - a potion of degeneration {unknown}
 j - 2 potions of ambrosia
 n - a potion of magic {unknown}
 s - a potion of cancellation {unknown}
 t - a potion of flight {unknown}
 v - 3 potions of mutation
 w - a potion of lignification {unknown}
 A - a potion of resistance {unknown}
 H - a potion of berserk rage
 I - a potion of brilliance
 L - a potion of haste {unknown}


   Skills:
 + Level 8.2 Fighting
 + Level 5.2 Throwing
 - Level 2.0 Armour
 - Level 3.0 Dodging
 + Level 10.0 Unarmed Combat
 + Level 2.6 Evocations


You had 9 spell levels left.
You didn't know any spells.
Your spell library was empty.

Dungeon Overview and Level Annotations

Branches:
Dungeon (9/15)             Temple (0/1) D:6
   Lair: D:8-11         Orc: D:9-12

Altars:
Hepliaklqana
Qazlal
Sif Muna

Shops:
D:3 =   D:6 (   D:8 *

Annotations:
D:1 1 transporter


Innate Abilities, Weirdness & Mutations

You are too large for most types of armour.
You have claws for hands.
Your natural rate of healing is unusually fast.
You are covered in fur. (AC +1)
You have tough skin. (AC +1)


Message History

The centaur warrior is lightly wounded.
You hear an angry hiss.
The centaur warrior unwields a +0 shortbow.
The centaur warrior wields a +0 great mace.
The centaur warrior hits you but does no damage.
The centaur warrior barely misses you.
The two-headed ogre hits you with a +0 giant spiked club!! x2
A red film seems to cover your vision as you go berserk!
You feel yourself moving faster!
You feel mighty! The centaur warrior barely misses you.
The centaur warrior kicks you but does no damage.
The centaur warrior hits you with a +0 great mace!
The centaur warrior kicks you but does no damage.
A gnoll sergeant comes into view. It is wielding a +0 vorpal trident.
You scratch the two-headed ogre.
The two-headed ogre is lightly wounded.
The centaur warrior hits you with a +0 great mace!
* * * LOW HITPOINT WARNING * * *
The centaur warrior closely misses you.
The two-headed ogre hits you with a +0 giant spiked club!
* * * LOW HITPOINT WARNING * * *
The two-headed ogre hits you with a +0 giant spiked club!
* * * LOW HITPOINT WARNING * * *
You barely miss the two-headed ogre.
The two-headed ogre is lightly wounded.
You kill the orc warrior!
Trog accepts your kill. The centaur warrior closely misses you.
The centaur warrior kicks you but does no damage.
You mangle the two-headed ogre!!
The two-headed ogre is heavily wounded.
The centaur warrior hits you with a +0 great mace.
* * * LOW HITPOINT WARNING * * *
The centaur warrior kicks you but does no damage.
Unknown command.
You claw the two-headed ogre!
The two-headed ogre is almost dead.
The two-headed ogre closely misses you.
The two-headed ogre hits you with a +0 giant spiked club!!
You die... # # )! # #..#. #!( # #.#.# .... ##.#.# #.... . #....# ..... # ###..>.######g.... # ##.......##o..# ## ..........cOcW# .##### #.......#@###(O.hc. ..[..# ###....##.# Wy...

.###.# #....##.# (...
## #.######.#.##.####
(..
####................#
(.
..............[#.#### .
####:#########.#.######
##...## #.#......# ###
##.....##### #.########
#[#


You could see a centaur warrior, a two-headed ogre, a wraith, an orc warrior, a
gnoll sergeant and a centaur.

Vanquished Creatures
  A two-headed ogre (D:9)
  Erica (D:8)
  Pikel (D:8)
  A cyclops (D:9)
  Maggie (D:8)
  2 steam dragons (D:8)
  A water moccasin (D:9)
  An acid dragon (D:9)
  A black bear (D:6)
  3 orc warriors
  2 ogres
  4 centaurs
  4 lemures (D:8)
  A kobold brigand (D:6)
  A bullfrog (D:8)
  A gnoll sergeant (D:6)
  8 scorpions
  A howler monkey (D:9)
  2 jellies (D:4)
  6 orc priests
  3 hounds
  4 iguanas
  7 orc wizards
  15 gnolls
  10 adders
  3 shadow imps
  A white imp (D:7)
  2 dart slugs (D:3)
  19 orcs
  2 bats (D:6)
  4 endoplasms
  4 giant cockroaches
  8 goblins
  5 hobgoblins
  2 jackals (D:4)
  A quokka (D:5)
  6 ball pythons
  6 frilled lizards
  9 kobolds
  3 rats
157 creatures vanquished.

Vanquished Creatures (others)
  2 fungi (D:6)
  2 plants (D:6)
4 creatures vanquished.

Grand Total: 161 creatures vanquished

Notes
Turn   | Place    | Note
-------+----------+-------------------------------------------
     0 | D:1      | kevlar127 the Troll Berserker began the quest for the Orb.
     0 | D:1      | Reached XP level 1. HP: 22/22 MP: 0/0
   342 | D:1      | Reached XP level 2. HP: 29/29 MP: 1/1
   706 | D:2      | Reached XP level 3. HP: 13/36 MP: 2/2
  1147 | D:2      | Found a hazy altar of Hepliaklqana.
  1242 | D:2      | Reached XP level 4. HP: 45/45 MP: 3/3
  1360 | D:2      | Found a faded altar of an unknown god.
  1560 | D:3      | Reached ** piety under Trog
  1562 | D:3      | Found Xiazuwup's Jewellery Shoppe.
  1579 | D:3      | Reached skill level 4 in Unarmed Combat
  2485 | D:4      | Reached XP level 5. HP: 49/53 MP: 4/4
  2633 | D:4      | Reached skill level 5 in Unarmed Combat
  2674 | D:4      | Reached XP level 6. HP: 62/62 MP: 5/5
  3325 | D:4      | Found a stormy altar of Qazlal.
  3436 | D:5      | Entered Level 5 of the Dungeon
  3449 | D:5      | Reached XP level 7. HP: 61/71 MP: 4/6
  3510 | D:5      | Reached skill level 6 in Unarmed Combat
  3543 | D:5      | Reached skill level 5 in Fighting
  3543 | D:5      | Reached skill level 1 in Throwing
  3897 | D:6      | Found Wacix's Weapon Shop.
  4048 | D:6      | Reached *** piety under Trog
  4059 | D:6      | Reached XP level 8. HP: 81/81 MP: 7/7
  4091 | D:6      | Found the +7 Singing Sword {vorpal, sonic wave}
  4297 | D:6      | Reached skill level 7 in Unarmed Combat
  4504 | D:6      | Found a staircase to the Ecumenical Temple.
  4879 | D:7      | Reached **** piety under Trog
  5363 | D:7      | Reached skill level 1 in Armour
  5601 | D:8      | Found Begoitri's Bounteous Boutique.
  5620 | D:8      | Reached skill level 8 in Unarmed Combat
  5647 | D:8      | Bought 5 boomerangs for 35 gold pieces
  5647 | D:8      | Bought a potion of berserk rage for 70 gold pieces
  5647 | D:8      | Bought a potion of brilliance for 56 gold pieces
  5662 | D:8      | Noticed Maggie
  5671 | D:8      | Killed Maggie
  5672 | D:8      | Reached XP level 9. HP: 68/92 MP: 5/8
  5727 | D:8      | Noticed Pikel
  5754 | D:8      | Killed Pikel
  5769 | D:8      | Reached skill level 9 in Unarmed Combat
  5827 | D:8      | Noticed Erica
  5838 | D:8      | Killed Erica
  5839 | D:8      | Reached skill level 1 in Evocations
  6244 | D:9      | Reached XP level 10. HP: 93/104 MP: 9/9
  6297 | D:9      | Found a shimmering blue altar of Sif Muna.
  6418 | D:9      | Noticed a two-headed ogre
  6429 | D:9      | Killed a two-headed ogre
  6600 | D:9      | Noticed a cyclops
  6602 | D:9      | Noticed a centaur warrior
  6610 | D:9      | Reached skill level 5 in Throwing
  6612 | D:9      | Noticed a two-headed ogre
  6614 | D:9      | Killed a cyclops
  6615 | D:9      | Reached skill level 10 in Unarmed Combat
  6625 | D:9      | Slain by a two-headed ogre

Illustrated notes

Levels and vault maps discovered:
D:1:      spicycebolla_arrival_risky_transporter, layout_loops_ring
D:2:      layout_loops_ring, ebering_ecumenical_altar_hall, basic_altar,
          nicolae_elevator_lobby_asterisk
D:3:      layout_loops_cross, serial_shops, nicolae_shop_crystal,
          dk_noncrumbling_4, minivault_5,
          nicolae_concentric_dashed_squares_mild, minmay_starry_boxes
D:4:      layout_basic, mainiacjoe_overflow_24_doors, serial_glass,
          glass_columns_a, glass_columns_b, grunt_ministairs_8
D:5:      layout_cave_pools
D:6:      old_forge, layout_basic, minmay_temple_entry_poolview, serial_shops,
          nicolae_shop_bloodbath_and_beyond
D:7:      nicolae_cairo_tiling, layout_cave_pods, hex_tiny, abandoned_shop
D:8:      layout_rooms, nicolae_alphabet_shops, uniq_erica, uniq_maggie,
          uniq_pikel
D:9:      minmay_bloctagon, layout_loops_ring,
          mainiacjoe_overflow_six_doors_small, orc_0_dummy, corexii_corridor_pit

Skill      XL: |  1  2  3  4  5  6  7  8  9 10 |
---------------+-------------------------------+-----
Dodging        | 3 |  3.0
Fighting       | 3 4 5 6 7 8 |  8.2
Unarmed Combat | 4 5 6 8 9 10 | 10.0
Throwing       | 2 3 4 5 |  5.2
Armour         | 1 2 |  2.0
Evocations     | 1 2 |  2.6

Action                   |  1- 3 |  4- 6 |  7- 9 | 10-12 || total
-------------------------+-------+-------+-------+-------++-------
Melee: Unarmed           |    54 |   107 |   218 |    23 ||   402
       Punch             |     1 |     4 |    13 |       ||    18
Throw: Dart              |       |       |    14 |    18 ||    32
Invok: Berserk           |     1 |     2 |     1 |     2 ||     6
       Trog's Hand       |       |     1 |     2 |     1 ||     4
  Use: Scroll            |       |       |     8 |       ||     8
 Stab: Sleeping          |     1 |       |       |       ||     1
Armor: Animal skin       |    11 |    20 |    31 |       ||    62
       Steam dragon scal |       |       |     1 |       ||     1
       Acid dragon scale |       |       |    41 |    14 ||    55
Dodge: Dodged            |    22 |    46 |    99 |    13 ||   180

Table legend: (Time is in decaauts)
 A = Elapsed time spent in this place.
 B = Non-inter-level travel time spent in this place.
 C = Inter-level travel time spent in this place.
 D = Time resting spent in this place.
 E = Time spent auto-exploring this place.
 F = Levels seen in this place.
 G = Mean time per level.
                   A        B        C        D        E       F      G
               +--------+--------+--------+--------+--------+-----+--------+
         Total |   6610 |   6274 |    336 |    665 |   4580 |   9 |  734.4 |
       Dungeon |   6610 |   6274 |    336 |    665 |   4580 |   9 |  734.4 |
               +--------+--------+--------+--------+--------+-----+--------+

Top non-repeatable levels by time:
     D:4: 1070 daAuts
     D:7: 986 daAuts
     D:2: 873 daAuts
     D:3: 866 daAuts
     D:6: 655 daAuts
     D:1: 639 daAuts
     D:8: 586 daAuts
     D:9: 477 daAuts
     D:5: 454 daAuts
